 Dungeon Crawl Stone Soup version 0.31-a0-1225-g50297eb6a4 (webtiles) character file.

Game seed: 16214254745167926326

66 Maratek the Trooper (level 3, 0/29 HPs)
             Began as a Demonspawn Fighter on Dec 14, 2023.
             Slain by a cerulean imp
             ... wielding a +2 spear
             ... summoned by Natasha
              (4 damage)
             ... on level 2 of the Dungeon.
             The game lasted 00:01:38 (1186 turns).

Maratek the Trooper (Demonspawn Fighter)            Turns: 1186, Time: 00:01:39

Health: 0/29       AC:  9    Str: 16    XL:     3   Next: 96%
Magic:  3/3        EV:  9    Int:  8    God:
Gold:   60         SH:  0    Dex: 14    Spells: 2/2 levels left

rFire   . . .        a - +0 long sword
rCold   . . .        (no shield)
rNeg    . . .        b - +0 scale mail
rPois   .            (no helmet)
rElec   .            g - +1 cloak
rCorr   .            (no gloves)
SInv    .            (no boots)
Will    .....        (no amulet) Stlth
                     (no ring)
HPRegen 0.24/turn    (no ring)
MPRegen 0.08/turn

%: no passive effects
@: slowed, very slow
A: demonic touch 1
a: no special abilities


You were on level 2 of the Dungeon.
You visited 1 branch of the dungeon, and saw 2 of its levels.

You collected 60 gold pieces.

Inventory:

Hand Weapons
 a - a +0 long sword (weapon)
 c - a +0 long sword
Armour
 b - a +0 scale mail (worn)
 g - a +1 cloak (worn)
Scrolls
 f - a scroll of teleportation
Potions
 d - a potion of might
 e - a potion of degeneration
 h - a potion of resistance {unknown}
 i - 2 potions of enlightenment {unknown}


   Skills:
 + Level 3.5 Fighting
 + Level 2.3 Long Blades
 + Level 3.2 Armour
 + Level 3.2 Shields


You had 2 spell levels left.
You didn't know any spells.
Your spell library was empty.

Dungeon Overview and Level Annotations

Branches:
Dungeon (2/15)

Altars:

Shops:
D:1 :

Annotations:
D:2 Natasha


Innate Abilities, Weirdness & Mutations

Your touch may inflict minor irresistible damage on your foes.


Message History

Natasha growls.
Natasha claws you.
The cerulean imp hits you but does no damage.
The giant cockroach bites you but does no damage.
Natasha closely misses you. The cerulean imp closely misses you.
The giant cockroach bites you but does no damage.
You are too injured to fight recklessly!
Unknown command.
You are too injured to fight recklessly!
Unknown command.
You are too injured to fight recklessly!
Unknown command.
You are too injured to fight recklessly!
Unknown command.
You miss Natasha.
Natasha is severely wounded.
Natasha stares at you and mumbles some strange words.
You feel as though you will be slow longer.
The giant cockroach bites you but does no damage.
The cerulean imp barely misses you.
Natasha mewls in sadness.
Natasha mumbles some strange words.
The giant cockroach barely misses you.
The cerulean imp hits you from afar with a +1 spear.
You hit Natasha. Your touch misses Natasha.
Natasha is almost dead.
Natasha mewls in sadness.
Natasha claws you!
* * * LOW HITPOINT WARNING * * *
The giant cockroach bites you but does no damage.
The cerulean imp hits you but does no damage. x2
Natasha wildly gestures.
Natasha shimmers violently.
Natasha barely misses you. The giant cockroach barely misses you.
The cerulean imp hits you but does no damage.
You barely miss Natasha.
Natasha is almost dead.
The giant cockroach barely misses you.
The cerulean imp hits you with a +2 spear.
You die...

#>......$...#
...........#
..##$.........#
...#...........#
................##
................#
.......5B........
.......@h.......
.#...<..........
##.#....5.....#
#.#....##...##
#...#### .##
#..##### # ...#
##.....# ###....#.
#.###..#
#.........###.# #


You could see Natasha, 2 cerulean imps and a giant cockroach.

Vanquished Creatures
  4 adders (D:2)
  A dart slug (D:1)
  5 bats
  3 endoplasms
  A giant cockroach (D:1)
  3 goblins
  2 hobgoblins (D:1)
  A quokka (D:2)
  6 ball pythons
  2 frilled lizards (D:1)
  2 kobolds
  A rat (D:1)
31 creatures vanquished.

Notes
Turn   | Place    | Note
-------+----------+-------------------------------------------
     0 | D:1      | Maratek the Demonspawn Fighter began the quest for the Orb.
     0 | D:1      | Reached XP level 1. HP: 18/18 MP: 1/1
   234 | D:1      | Found Mutazou's Book Shoppe.
   244 | D:1      | Discovered your monstrous ancestry.
   244 | D:1      | Gained mutation: Your touch may inflict minor irresistible
                  | damage on your foes. [demonic ancestry]
   244 | D:1      | Reached XP level 2. HP: 24/24 MP: 2/2
   990 | D:2      | Reached XP level 3. HP: 29/29 MP: 3/3
  1047 | D:2      | Found a faded altar of an unknown god.
  1170 | D:2      | Noticed Natasha
  1186 | D:2      | Slain by a cerulean imp

Illustrated notes

Levels and vault maps discovered:
D:1:      pf_arrival_petrified_forest, layout_basic, serial_shops,
          nicolae_book_shop_shelving
D:2:      layout_rooms, shapermc_ecumenical_altar_acropolis, st_stairs_9,
          minmay_tree_intersection, uniq_natasha

Skill      XL: |  1  2 |
---------------+-------+-----
Long Blades    | 2 |  2.3
Armour         | 3 |  3.2
Shields        | 3 |  3.2
Fighting       | |  3.5

Action                     || total
---------------------------++-------
  Melee: Long sword        ||    80
         Touch             ||     6
    Use: Scroll            ||     2
 Armour: Scale mail        ||    91
  Dodge: Dodged            ||    61
  Block: Buckler           ||     1

Table legend: (Time is in decaauts)
 A = Elapsed time spent in this place.
 B = Non-inter-level travel time spent in this place.
 C = Inter-level travel time spent in this place.
 D = Time resting spent in this place.
 E = Time spent auto-exploring this place.
 F = Levels seen in this place.
 G = Mean time per level.
                   A        B        C        D        E       F      G
               +--------+--------+--------+--------+--------+-----+--------+
         Total |   1214 |   1117 |     97 |      0 |    891 |   2 |  607.0 |
       Dungeon |   1214 |   1117 |     97 |      0 |    891 |   2 |  607.0 |
               +--------+--------+--------+--------+--------+-----+--------+

Top non-repeatable levels by time:
     D:1: 997 daAuts
     D:2: 217 daAuts
